 Dungeon Crawl Stone Soup version 0.17.1-3-g152610e (webtiles) character file.

66 senseless the Firebug (level 3, -3/26 HPs)
             Began as a Draconian Fire Elementalist on Apr 21, 2016.
             Slain by Sigmund
             ... wielding a +0 scythe
              (15 damage)
             ... on level 2 of the Dungeon.
             The game lasted 00:07:45 (1385 turns).

senseless the Firebug (Draconian Fire Elementalist) Turns: 1385, Time: 00:07:45

Health: -3/26      AC:  6    Str: 10    XL:     3   Next: 96%
Magic:  1/7        EV: 12    Int: 16    God:
Gold:   116        SH:  0    Dex: 11    Spells: 1 memorised, 6 levels left

rFire  . . .     SeeInvis .     o - +0 short sword (holy)
rCold  . . .     Clarity  .     (armour unavailable)
rNeg   . . .     SustAt   .     (no shield)
rPois  .         Gourm    .     (helmet restricted)
rElec  .         Spirit   .     i - +0 cloak (curse)
rCorr  .         Warding  .     (no gloves)
rMut   .         Stasis   .     (no boots)
MR     .....                    (no amulet)
Stlth  ++........               (no ring)
                                (no ring)

@: very slightly contaminated, not resistant to hostile enchantments, unstealthy
A: unfitting armour, cold-blooded, AC +5
a: no special abilities


You were on level 2 of the Dungeon.
You were not hungry.

You visited 1 branch of the dungeon, and saw 2 of its levels.

You collected 116 gold pieces.

Inventory:

Hand Weapons
 g - a +0 whip
 o - a +0 short sword of holy wrath (weapon)
Armour
 i - a cursed +0 cloak (worn)
Scrolls
 c - a scroll of fog {unknown}
 d - 3 scrolls of identify {unknown}
 e - a scroll of remove curse {unknown}
 h - a scroll of amnesia {unknown}
 j - a scroll of magic mapping {unknown}
 n - a scroll of teleportation {unknown}
Potions
 k - a potion of flight {unknown}
 p - a potion of poison {unknown}
Books
 a - a book of Flames

   Spells                             Type                      Level
   a - Flame Tongue                   Conjuration/Fire             1
   b - Throw Flame                    Conjuration/Fire             2
   c - Conjure Flame                  Conjuration/Fire             3
   d - Inner Flame                    Hexes/Fire                   3
   e - Sticky Flame                   Conjuration/Fire             4
   f - Fireball                       Conjuration/Fire             5
Comestibles
 b - 2 bread rations
 f - 2 beef jerkies
 l - a chunk of flesh
 m - a meat ration


   Skills:
 + Level 2.1 Dodging
 - Level 2.0 Stealth
 * Level 2.9 Spellcasting
 + Level 1.4 Conjurations
 + Level 3.7 Fire Magic


You had 6 spell levels left.
You knew the following spells:

 Your Spells              Type           Power        Failure   Level  Hunger
a - Flame Tongue          Conj/Fire      ##...        10%         1    #......


Dungeon Overview and Level Annotations

Branches:
Dungeon (2/15)

Altars:

Annotations:
D:2 Sigmund


Innate Abilities, Weirdness & Mutations

Your plain brown scales are hard (AC +5).
Your body does not fit into most forms of armour.
You are cold-blooded and may be slowed by cold attacks.


Message History

Press: ? - help, Shift-Dir - straight line, f/p - Sigmund
Aim: Sigmund, wielding a scythe and wearing a robe (moderately wounded)
You miscast Flame Tongue.
Heat runs through your body. Sigmund barely misses you.
Casting: Flame Tongue
Confirm with . or Enter, or press ? or * to list all spells.
Aiming: Flame Tongue
Press: ? - help, Shift-Dir - straight line, f/p - Sigmund
Aim: Sigmund, wielding a scythe and wearing a robe (moderately wounded)
The flame tongue misses Sigmund.
Casting: Flame Tongue
Confirm with . or Enter, or press ? or * to list all spells.
Aiming: Flame Tongue
Press: ? - help, Shift-Dir - straight line, f/p - Sigmund
Aim: Sigmund, wielding a scythe and wearing a robe (moderately wounded)
The flame tongue hits Sigmund.
Sigmund is heavily wounded.
Sigmund hits you with a scythe!
Ouch! That really hurt!
You die...

##########
#.@@......
#.###.####
###.### #
#>....#.#
####.#.#.#.#
#..........#
#.##.#.#.###
#. #.....#
#. ###.###
###


You could see Sigmund.

Vanquished Creatures
  2 adders (D:2)
  2 oozes (D:2)
  A worm (D:2)
  A giant gecko (D:2)
  2 ball pythons (D:1)
  A giant cockroach (D:1)
  3 goblins (D:1)
  4 hobgoblins
  2 jackals (D:2)
  5 bats
  2 giant newts (D:2)
  7 kobolds
  4 rats
36 creatures vanquished.

Notes
Turn   | Place    | Note
--------------------------------------------------------------
     0 | D:1      | senseless the Draconian Fire Elementalist began the quest for the Orb.
     0 | D:1      | Reached XP level 1. HP: 14/14 MP: 3/3
   139 | D:1      | Reached XP level 2. HP: 14/20 MP: 0/5
   688 | D:2      | Reached XP level 3. HP: 10/26 MP: 0/6
  1374 | D:2      | Noticed Sigmund
  1385 | D:2      | Slain by Sigmund

Action                   || total
-------------------------++-------
Melee: Unarmed           ||    18
       Whip              ||    30
       Short sword       ||     3
 Cast: Flame Tongue      ||    58
  Use: Potion            ||     1
  Eat: Chunk             ||     2
